 Dungeon Crawl Stone Soup version 0.19.4-9-g45fd643 (webtiles) character file.

613 LORDOFBUTT the Blocker (level 7, -3/52 HPs)
             Began as a Formicid Fighter on Feb 19, 2017.
             Slain by an ogre
             ... wielding a +0 giant club
              (17 damage)
             ... on level 4 of the Dungeon.
             The game lasted 00:04:42 (3901 turns).

LORDOFBUTT the Blocker (Formicid Fighter)           Turns: 3901, Time: 00:04:43

Health: -3/52      AC:  7    Str: 21    XL:     7   Next: 73%
Magic:  7/7        EV:  9    Int:  7    God:
Gold:   276        SH: 11    Dex: 12    Spells: 0 memorised, 6 levels left

rFire  . . .     SeeInvis +     a - +0 war axe
rCold  . . .     Gourm    .     b - +0 scale mail
rNeg   . . .     Faith    .     c - +0 shield
rPois  .         Spirit   .     (helmet unavailable)
rElec  .         Reflect  .     s - +0 cloak
rCorr  .         Harm     .     (no gloves)
MR     .....                    (no boots)
Stlth  ..........               (no amulet)
                                (no ring)
                                (no ring)

@: heavily drained
A: permanent stasis, dig shafts and tunnels, four strong arms, antennae 3
a: Dig, Shaft Self


You were on level 4 of the Dungeon.
You were near starving.

You visited 1 branch of the dungeon, and saw 4 of its levels.

You collected 276 gold pieces.

Inventory:

Hand Weapons
 a - a +0 war axe (weapon)
Armour
 b - a +0 scale mail (worn)
 c - a +0 shield (worn)
 s - a +0 cloak (worn)
Jewellery
 o - an uncursed ring of magical power
Wands
 e - a wand of random effects (29/48)
 u - a wand of random effects (25/48)
 z - a wand of confusion (19/48)
Scrolls
 g - a scroll of remove curse
 i - 2 scrolls of blinking {unknown}
 l - 2 scrolls of amnesia
 m - 2 scrolls of enchant weapon {unknown}
 r - 2 scrolls of recharging {unknown}
 t - 2 scrolls of teleportation
 y - 2 scrolls of enchant armour {unknown}
Potions
 j - 2 potions of mutation
 k - 4 potions of flight
 n - a potion of brilliance {unknown}
 p - a potion of invisibility {unknown}
 q - a potion of degeneration {unknown}
 v - a potion of magic
Comestibles
 d - a meat ration
 f - 3 bread rations
 h - 2 beef jerkies
 x - 3 fruits


   Skills:
 - Level 3.2(2.1) Fighting
 + Level 4.8(3.6) Axes
 - Level 3.2(2.1) Armour
 * Level 8.5(7.2) Shields


You had 6 spell levels left.
You didn't know any spells.

Dungeon Overview and Level Annotations

Branches:
Dungeon (4/15)             Temple (0/1) D:4

Altars:
Fedhas
Gozag


Innate Abilities, Weirdness & Mutations

You are under a permanent stasis effect.
You can dig through walls and to a lower floor.
Your four strong arms can wield two-handed weapons with a shield.
You have a pair of large antennae on your head. (SInv)


Message History

The ogre shouts!
An ogre is nearby!
An ogre is nearby!
An ogre is nearby!
Found a tapered brass wand.
You block the ogre's attack.
You slash the ogre!
The ogre is moderately wounded.
The ogre hits you with a giant club!
You hit the ogre.
The ogre is heavily wounded.
The ogre hits you with a giant club!!
* * * LOW HITPOINT WARNING * * *
You are too injured to fight recklessly!
You are too injured to fight recklessly!
You are too injured to fight recklessly!
You hit the ogre but do no damage.
The ogre is heavily wounded.
The ogre hits you with a giant club!
You die...

##'##+## .......# #.#
.......# #/#
.....)[#########.#
.....)...).....#.#
##'##'#.######.#.# #
#.##.#.#(....<#.#.#
##.##.#.#.####.#O#.#
...##.#.# #....@..#
...##.#.#{ #.#.#.###
...##.#.# ..#.#.#
...##.#.# ## #.#.###.#
...##.#.######.......#
......#..........#####
##.###############
.......<# ......###


You could see an ogre.

Vanquished Creatures
  Sigmund (D:4)
  Edmund (D:4)
  A scorpion (D:4)
  A hound (D:4)
  An orc priest (D:4)
  A worker ant (D:4)
  4 gnolls
  6 adders
  3 worms
  2 dart slugs
  2 leopard geckos
  14 orcs
  9 giant cockroaches
  4 goblins
  10 hobgoblins
  7 kobolds
  4 quokkas
  A ball python (D:1)
  7 bats
  5 frilled lizards
  A quokka skeleton (D:4)
  12 rats
97 creatures vanquished.

Notes
Turn   | Place    | Note
-------+----------+-------------------------------------------
     0 | D:1      | LORDOFBUTT the Formicid Fighter began the quest for the Orb.
     0 | D:1      | Reached XP level 1. HP: 18/18 MP: 1/1
   125 | D:1      | Reached skill level 4 in Shields
   131 | D:1      | Reached XP level 2. HP: 23/24 MP: 2/2
   372 | D:1      | Reached XP level 3. HP: 29/29 MP: 3/3
   921 | D:1      | Reached skill level 5 in Shields
   923 | D:1      | Reached XP level 4. HP: 21/35 MP: 4/4
  1598 | D:2      | Reached XP level 5. HP: 41/41 MP: 5/5
  1928 | D:2      | Reached skill level 6 in Shields
  2180 | D:3      | Found a blossoming altar of Fedhas.
  2503 | D:4      | Reached XP level 6. HP: 12/47 MP: 6/6
  2823 | D:4      | Reached skill level 7 in Shields
  3242 | D:4      | Noticed Edmund
  3245 | D:4      | Noticed Sigmund
  3259 | D:4      | HP: 2/47 [adder (1)]
  3272 | D:4      | HP: 2/47 [adder (2)]
  3284 | D:4      | Killed Edmund
  3284 | D:4      | Reached XP level 7. HP: 19/52 MP: 7/7
  3297 | D:4      | Killed Sigmund
  3297 | D:4      | Reached skill level 8 in Shields
  3625 | D:4      | Found a staircase to the Ecumenical Temple.
  3702 | D:4      | Found an opulent altar of Gozag.
  3901 | D:4      | Slain by an ogre

Skill      XL: |  1  2  3  4  5  6  7 |
---------------+----------------------+-----
Shields        | 4 5 6 7 8 |  8.5
Axes           | 3 4 |  4.8
Fighting       | |  3.2
Armour         | |  3.2

Action                   |  1- 3 |  4- 6 |  7- 9 || total
-------------------------+-------+-------+-------++-------
Melee: War axe           |   100 |   208 |    26 ||   334
  Use: Scroll            |       |     7 |       ||     7
       Potion            |       |     5 |       ||     5
  Eat: Chunk             |       |     7 |       ||     7
       Pizza             |       |       |     1 ||     1
Armor: Scale mail        |    54 |    80 |     4 ||   138
Dodge: Dodged            |    41 |    75 |     6 ||   122
Block: Shield            |    65 |   144 |    12 ||   221
